 Dungeon Crawl Stone Soup version 0.31-a0-675-g238779eb0a (webtiles) character file.

Game seed: 6374689561519402282

21 Xavori the Trooper (level 2, -2/24 HPs)
             Began as a Demonspawn Chaos Knight on Sept 5, 2023.
             Was a Plaything of Xom.
             Slain by a gnoll
             ... wielding a +0 club
              (5 damage)
             ... on level 2 of the Dungeon.
             The game lasted 00:00:51 (8250 turns).

Xavori the Trooper (Demonspawn Chaos Knight)        Turns: 8250, Time: 00:00:52

Health: -2/24      AC:  9    Str: 12    XL:     2   Next: 65%
Magic:  1/1        EV: 11    Int: 13    God:    Xom [..*...]
Gold:   38         SH:  0    Dex: 12    Spells: 1/1 levels left

rFire   . . .        a - +0 falchion (chaos)
rCold   . . .        (no shield)
rNeg    . . .        b - +2 leather armour
rPois   .            (no helmet)
rElec   .            (no cloak)
rCorr   .            (no gloves)
SInv    .            (no boots)
Will    .....        (no amulet)
Stlth   +            h - +4 ring of protection
HPRegen 0.24/turn    (no ring)
MPRegen 0.07/turn

%: clarity
@: no status effects
A: demonic guardian 1, clarity, low MP 1, evolution 1, subdued magic 1, noise
suppression
a: Renounce Religion


You were on level 2 of the Dungeon.
You worshipped Xom.
You were a toy of Xom.
You visited 1 branch of the dungeon, and saw 2 of its levels.

You collected 38 gold pieces.

Inventory:

Hand Weapons
 a - a +0 falchion of chaos (weapon)
 l - a +0 triple sword of chaos
Armour
 b - a +2 leather armour (worn)
Jewellery
 h - a +4 ring of protection (left hand)
Wands
 k - a wand of mindburst (6)
Scrolls
 c - a scroll of butterflies
 d - a scroll of teleportation {unknown}
 f - a scroll of noise {unknown}
 i - a scroll of enchant weapon {unknown}
 m - a scroll of blinking
 n - a scroll of enchant armour {unknown}
Potions
 e - a potion of heal wounds {unknown}
 g - a potion of degeneration {unknown}
 j - 2 potions of attraction {unknown}


   Skills:
 + Level 3.4 Fighting
 + Level 3.1 Long Blades
 + Level 1.8 Armour
 + Level 1.1 Dodging


You had one spell level left.
You didn't know any spells.
Your spell library contained the following spells:

 Spells                   Type           Power      Damage    Failure   Level
 Magic Dart               Conj           0%         1d3       32%         1
 Searing Ray              Conj           0%         2d4       47%         2
 Fulminant Prism          Conj/Hex       0%         3d5       98%         4


Dungeon Overview and Level Annotations

Branches:
Dungeon (2/15)

Altars:
Xom

Shops:
D:1 (


Innate Abilities, Weirdness & Mutations

A weak demonic guardian rushes to your aid.
You possess an exceptional clarity of mind.
Your magical capacity is low. (-10% MP)
You have hidden genetic potential.
Your spells are a little easier to cast, but a little less powerful.
You passively dampen the noise of your surroundings.


Message History

Key pressed, stopping explore.
No target in view!
Found an escape hatch in the ceiling.
No target in view!
A gnoll comes into view. It is wielding a +0 club.
A gnoll is nearby!
A gnoll comes into view. It is wielding a +0 spear.
The gnoll shouts!
You hear a shout!
A gnoll comes into view. It is wielding a +0 flail.
The gnoll closely misses you.
There are monsters nearby!
You barely miss the gnoll.
An endoplasm comes into view.
The gnoll misses you. The gnoll barely misses you.
A ball python comes into view.
The endoplasm quivers.
The ball python hisses angrily.
You slash the gnoll!
The gnoll is heavily wounded.
The gnoll hits you from afar with a +0 spear.
There are monsters nearby!
You hit the gnoll.
The gnoll goes berserk!
The gnoll is almost dead.
The gnoll barely misses you. The gnoll hits you but does no damage.
The gnoll closely misses you.
You barely miss the gnoll.
The gnoll is almost dead.
The gnoll completely misses you.
The gnoll hits you from afar with a +0 spear.
The gnoll hits you with a +0 club!
Ouch! That really hurt!
A demonic guardian appears!
You emit a cloud of colourful smoke!
The gnoll barely misses you.
The gnoll hits you from afar with a +0 spear.
* * * LOW HITPOINT WARNING * * *
You barely miss the gnoll.
The gnoll is almost dead.
The gnoll hits you with a +0 club.
You die...

#.# ... #.# #.#
###### #.# #....###
#.## . ####...###
##5§##....
###...######gg○......
###...##..@#.......
###....#......... #.
###..#.#....### #.#
###..#.#.<.## #.#
#........### #.#
#####.###..###
..#####..........#
...#..............#
.....#........###...


You could see 2 gnolls and a friendly ufetubus (summoned).

Vanquished Creatures
  A giant cockroach (D:1)
  2 goblins (D:1)
  4 hobgoblins (D:1)
  4 quokkas (D:1)
  3 bats (D:1)
  2 frilled lizards (D:1)
  2 rats (D:1)
18 creatures vanquished.

Notes
Turn   | Place    | Note
-------+----------+-------------------------------------------
     0 | D:1      | Xavori the Demonspawn Chaos Knight began the quest for the
                  | Orb.
     0 | D:1      | Reached XP level 1. HP: 18/18 MP: 1/1
    17 | D:1      | XOM: divination: detect items
    87 | D:1      | Reached skill level 1 in Dodging
   108 | D:1      | XOM: silly message
   142 | D:1      | Found Jinacena's Weapon Boutique.
   167 | D:1      | Gained mutation: A weak demonic guardian rushes to your
                  | aid. [demonic ancestry]
   167 | D:1      | Reached XP level 2. HP: 16/24 MP: 2/2
  1603 | D:1      | XOM: silly message
  2618 | D:1      | XOM is BORED!
  2925 | D:1      | XOM: god gift: iron wand {god gift}
  3082 | D:1      | XOM: scenery: summon butterflies
  3121 | D:1      | XOM: scenery: summon butterflies
  3371 | D:1      | XOM: scenery: create altars
  3737 | D:1      | XOM: divination: magic mapping
  3989 | D:1      | XOM: cloud trail
  4802 | D:1      | XOM: cloud trail
  5641 | D:1      | XOM: torment (13/24 hp)
  5711 | D:1      | XOM: god gift: glowing triple sword {god gift}
  6172 | D:1      | XOM is BORED!
  6232 | D:1      | XOM: god gift: scroll labelled JOFOFRULEUT {god gift}
  6468 | D:1      | XOM: silly message
  6636 | D:1      | XOM: cloud trail
  7302 | D:1      | XOM: divination: detect items
  7862 | D:1      | XOM: give mutations
  7862 | D:1      | Gained mutation: Your spells are a little easier to cast,
                  | but a little less powerful. [Xom's mischief]
  7862 | D:1      | Gained mutation: You possess an exceptional clarity of
                  | mind. [Xom's mischief]
  7862 | D:1      | Gained mutation: You passively dampen the noise of your
                  | surroundings. [Xom's mischief]
  8092 | D:1      | XOM: give mutations
  8092 | D:1      | Gained mutation: Your magical capacity is low. (-10% MP)
                  | [Xom's mischief]
  8092 | D:1      | Gained mutation: You have hidden genetic potential. [Xom's
                  | mischief]
  8248 | D:2      | XOM: smoke on damage
  8250 | D:2      | Slain by a gnoll

Illustrated notes

Levels and vault maps discovered:
D:1:      ebering_hopf_link, layout_rooms, serial_shops, shop,
          minmay_misc_feat_pillars, kennysheep_boxes
D:2:      layout_rooms, serial_park_tiny_2, nicolae_nh_oracle_at_delphi

Skill      XL: |  1 |
---------------+----+-----
Dodging        | 1 |  1.1
Long Blades    | 3 |  3.1
Fighting       | |  3.4
Armour         | |  1.8

Action                     || total
---------------------------++-------
  Melee: Falchion          ||    59
    Use: Scroll            ||     1
   Stab: Paralysed         ||     1
 Armour: Leather armour    ||    46
  Dodge: Dodged            ||    50

Table legend: (Time is in decaauts)
 A = Elapsed time spent in this place.
 B = Non-inter-level travel time spent in this place.
 C = Inter-level travel time spent in this place.
 D = Time resting spent in this place.
 E = Time spent auto-exploring this place.
 F = Levels seen in this place.
 G = Mean time per level.
                   A        B        C        D        E       F      G
               +--------+--------+--------+--------+--------+-----+--------+
         Total |   8258 |   8235 |     23 |   7639 |    439 |   2 | 4129.0 |
       Dungeon |   8258 |   8235 |     23 |   7639 |    439 |   2 | 4129.0 |
               +--------+--------+--------+--------+--------+-----+--------+

Top non-repeatable levels by time:
     D:1: 8199 daAuts
     D:2: 58 daAuts
